 Dungeon Crawl Stone Soup version 0.29-a0-321-gf1c400731a (webtiles) character file.

Game seed: 14186566528962890647

450 Murumi the Covert (level 6, 0/37 HPs)
             Began as a Vampire Monk on Apr 5, 2022.
             Slain by a sky beast (5 damage)
             ... on level 4 of the Dungeon.
             The game lasted 00:12:03 (3563 turns).

Murumi the Covert (Vampire Monk)                    Turns: 3563, Time: 00:12:04

Health: 0/37       AC:  6    Str: 10    XL:     6   Next: 74%
Magic:  6/6        EV: 17    Int: 12    God:
Gold:   141        SH:  0    Dex: 19    Spells: 5/5 levels left

rFire   + . .      SeeInvis +   a - +1 falchion
rCold   + + .      Faith    .   (no shield)
rNeg    + + +      Spirit   .   c - +0 leather armour
rPois   ∞          Reflect  .   (no helmet)
rElec   .          Harm     .   e - +2 cloak
rCorr   .          Rampage  .   (no gloves)
Will    .....                   (no boots)
Stlth   ++++++....              (no amulet)
HPRegen 0.00/turn               h - ring of protection from fire
MPRegen 0.10/turn               g - +4 ring of evasion

@: bloodless, inhibited regen
A: bloodless, fangs 3, see invisible, vampiric 2
a: Bat Form, Revivify


You were on level 4 of the Dungeon.
You visited 1 branch of the dungeon, and saw 4 of its levels.

You collected 141 gold pieces.

Inventory:

Hand Weapons
 a - a +1 falchion (weapon)
Missiles
 f - a throwing net (quivered)
Armour
 c - a +0 leather armour (worn)
 e - a +2 cloak (worn)
Jewellery
 g - a +4 ring of evasion (right hand)
 h - a ring of protection from fire (left hand)
Scrolls
 d - a scroll of identify
Potions
 i - 2 potions of lignification


   Skills:
 - Level 3.0 Fighting
 - Level 4.0 Long Blades
 + Level 2.0 Armour
 - Level 4.0 Dodging
 - Level 9.0 Stealth


You had 5 spell levels left.
You didn't know any spells.
Your spell library contained the following spells:

 Spells                   Type           Power      Damage    Failure   Level
 Ensorcelled Hibernation  Hex/Ice        0%         N/A       54%         2
 Passwall                 Tmut/Erth      0%         N/A       54%         2
 Swiftness                Air            0%         N/A       78%         3


Dungeon Overview and Level Annotations

Branches:
Dungeon (4/15)
 Temple: D:4-7

Altars:
Ru


Innate Abilities, Weirdness & Mutations

You do not regenerate when monsters are visible.
You are frail without blood (-20% HP).
You can heal yourself when you bite living creatures.
You are immune to poison.
You have razor-sharp teeth.
You have supernaturally acute eyesight. (SInv)
You are afflicted with vampirism and can become a bat while bloodless.


Message History

The sky beast is heavily wounded.
The sky beast hits you. The sky beast shocks you.
You barely miss the sky beast.
The sky beast is heavily wounded.
The sky beast misses you. The sky beast hits you. The sky beast shocks you.
You are too injured to fight recklessly!
You barely miss the sky beast.
The sky beast is heavily wounded.
The sky beast closely misses you.
You miss the sky beast.
The sky beast is heavily wounded.
The sky beast closely misses you.
You closely miss the sky beast. You punch the sky beast.
The sky beast is heavily wounded.
The sky beast hits you. The sky beast shocks you.
* * * LOW HITPOINT WARNING * * *
You barely miss the sky beast.
The sky beast is heavily wounded.
The sky beast closely misses you.
You hit the sky beast but do no damage. Your bite misses the sky beast.
The sky beast is heavily wounded.
The sky beast closely misses you.
You slash the sky beast!
The sky beast is severely wounded.
The sky beast hits you but does no damage.
You hit the sky beast.
The sky beast is severely wounded.
The sky beast closely misses you.
You hit the sky beast.
The sky beast is severely wounded.
The sky beast barely misses you.
You hit the sky beast.
The sky beast is almost dead.
The sky beast barely misses you.
You barely miss the sky beast.
The sky beast is almost dead.
The sky beast barely misses you. The sky beast hits you.
* * * LOW HITPOINT WARNING * * *
The sky beast shocks you.
You die...

#..###.#..
#..#.# #
#....#.#
######.#.#
#........# #
#......###..#
#.........[?#
#......####.#
#.....@#
#....Y.#
###.##.# #.
#.# #. #.#
#.# ### #.#


You could see a sky beast (invisible).

Vanquished Creatures
  Grinder (D:3)
  A gnoll shaman (D:4)
  An orc wizard (D:3)
  7 gnolls
  6 adders
  3 worms
  3 dart slugs
  10 bats
  5 endoplasms
  3 giant cockroaches (D:1)
  5 hobgoblins
  4 jackals (D:1)
  5 quokkas
  4 ball pythons
  A frilled lizard (D:3)
  6 goblins
  3 kobolds
  6 rats
74 creatures vanquished.

Notes
Turn   | Place    | Note
-------+----------+-------------------------------------------
     0 | D:1      | Murumi the Vampire Monk began the quest for the Orb.
     0 | D:1      | Reached XP level 1. HP: 17/17 MP: 1/1
    55 | D:1      | Noticed a floating eye
    57 | D:1      | Found a faded altar of an unknown god.
    61 | D:1      | Noticed a great orb of eyes
    65 | D:1      | Noticed a great orb of eyes
    65 | D:1      | Noticed a great orb of eyes
   227 | D:1      | Reached XP level 2. HP: 19/19 MP: 2/2
   759 | D:1      | Reached skill level 4 in Stealth
   759 | D:1      | Gained mutation: You are afflicted with vampirism and can
                  | become a bat while bloodless. [Vampire growth]
   759 | D:1      | Reached XP level 3. HP: 23/23 MP: 3/3
  1180 | D:2      | Reached skill level 1 in Armour
  1634 | D:2      | Reached skill level 5 in Stealth
  1694 | D:2      | Reached XP level 4. HP: 28/28 MP: 4/4
  2325 | D:3      | Reached skill level 6 in Stealth
  2587 | D:3      | Found a sacrificial altar of Ru.
  2598 | D:3      | Noticed Grinder
  2618 | D:3      | Paralysed by Grinder for 6 turns
  2629 | D:3      | Killed Grinder
  2630 | D:3      | Reached skill level 7 in Stealth
  2630 | D:3      | Reached skill level 8 in Stealth
  2630 | D:3      | Reached XP level 5. HP: 22/32 MP: 5/5
  2630 | D:3      | Reached XP level 6. HP: 25/37 MP: 6/6
  2771 | D:3      | Reached skill level 9 in Stealth
  3345 | D:4      | HP: 1/37 [gnoll/+0 club (4)]
  3544 | D:4      | Noticed a sky beast
  3563 | D:4      | Slain by a sky beast

Illustrated notes

Levels and vault maps discovered:
D:1:      dpeg_arrival_subterranean_lakeside_camping, layout_loops_corners,
          hellmonk_ecumenical_altar_watching_god, minmay_misc_feat_tower,
          serial_bayou_pond_a
D:2:      layout_basic
D:3:      layout_rooms, nicolae_ru_great_annihilating_truth, uniq_grinder
D:4:      layout_basic, mainiacjoe_overflow_swirl, grunt_tough_drop,
          uniq_crazy_yiuf_cottage, uniq_sigmund

Skill      XL: |  1  2  3  4  5  6 |
---------------+-------------------+-----
Fighting       | 3 |  3.0
Dodging        | 4 |  4.0
Stealth        | 4 5 8 9 |  9.0
Armour         | 1 2 |  2.0
Long Blades    | 4 |  4.0

Action                   |  1- 3 |  4- 6 || total
-------------------------+-------+-------++-------
Melee: Falchion          |   104 |   143 ||   247
       Bite              |     5 |     8 ||    13
       Punch             |       |     3 ||     3
 Abil: Exsanguinate      |     1 |       ||     1
  Use: Scroll            |       |     5 ||     5
       Potion            |       |     1 ||     1
 Stab: Sleeping          |    22 |    18 ||    40
Armor: Robe              |    27 |    17 ||    44
       Leather armour    |       |     1 ||     1
Dodge: Dodged            |    70 |    91 ||   161

Table legend: (Time is in decaauts)
 A = Elapsed time spent in this place.
 B = Non-inter-level travel time spent in this place.
 C = Inter-level travel time spent in this place.
 D = Time resting spent in this place.
 E = Time spent auto-exploring this place.
 F = Levels seen in this place.
 G = Mean time per level.
                   A        B        C        D        E       F      G
               +--------+--------+--------+--------+--------+-----+--------+
         Total |   3604 |   3411 |    193 |     82 |   2679 |   4 |  901.0 |
       Dungeon |   3604 |   3411 |    193 |     82 |   2679 |   4 |  901.0 |
               +--------+--------+--------+--------+--------+-----+--------+

Top non-repeatable levels by time:
     D:1: 1165 daAuts
     D:2: 1130 daAuts
     D:3: 1026 daAuts
     D:4: 281 daAuts
